 Dungeon Crawl Stone Soup version 0.26-a0-597-gb535b0901c (webtiles) character file.

Game seed: 4884115897531495480

1301 HoaS the Cruncher (level 8, -4/58 HPs)
             Began as a Formicid Fighter on Sept 2, 2020.
             Was a Follower of Makhleb.
             Slain by an orc warrior
             ... wielding a +0 glaive
              (17 damage)
             ... on level 7 of the Dungeon.
             The game lasted 00:13:23 (6493 turns).

HoaS the Cruncher (Formicid Fighter)                Turns: 6493, Time: 00:13:24

Health: -4/58      AC:  9    Str: 23    XL:     8   Next: 87%
Magic:  8/8        EV: 11    Int:  8    God:    Makhleb [*.....]
Gold:   292        SH: 12    Dex: 10    Spells: 7/7 levels left

rFire    . . .     SeeInvis +   a - +1 quarterstaff
rCold    + . .     Faith    .   c - +1 kite shield
rNeg     . . .     Spirit   .   r - +0 chain mail
rPois    .         Reflect  .   (helmet unavailable)
rElec    .         Harm     .   (no cloak)
rCorr    .                      (no gloves)
MR       .....                  (no boots)
Stlth    ..........             (no amulet)
HPRegen  0.19/turn              h - +4 ring of evasion
MPRegen  0.11/turn              q - ring of protection from cold

@: no status effects
A: permanent stasis, dig shafts and tunnels, four strong arms, antennae 3
a: Dig, Shaft Self, Renounce Religion


You were on level 7 of the Dungeon.
You worshipped Makhleb.
Makhleb was aware of your devotion.
You visited 2 branches of the dungeon, and saw 8 of its levels.

You collected 292 gold pieces.

Inventory:

Hand Weapons
 a - a +1 quarterstaff (weapon)
Armour
 c - a +1 kite shield (worn)
 r - a +0 chain mail (worn)
Jewellery
 h - a +4 ring of evasion (left hand)
 q - a ring of protection from cold (right hand)
 s - the ring of Oshrubbi {rF+ rN+ EV+4 Dex+4, unknown}
   (You found it on level 7 of the Dungeon)

   [ring of evasion]

   It affects your evasion (+4).
   It affects your dexterity (+4).
   It protects you from fire.
   It protects you from negative energy.
Wands
 b - a wand of random effects (7)
 w - a wand of digging (5)
Scrolls
 j - 2 scrolls of identify
 k - 2 scrolls of remove curse
 l - 3 scrolls of fear
 n - a scroll of fog
 t - a scroll of enchant weapon
 u - a scroll of torment {unknown}
 v - a scroll of vulnerability {unknown}
Potions
 d - a potion of might
 e - 2 potions of cancellation
 f - 3 potions of haste {unknown}
 g - 2 potions of ambrosia
 i - 2 potions of heal wounds
 m - a potion of lignification {unknown}
 o - a potion of degeneration {unknown}
 p - a potion of stabbing {unknown}


   Skills:
 - Level 3.2 Fighting
 * Level 8.5 Staves
 - Level 3.2 Armour
 + Level 7.8 Shields


You had 7 spell levels left.
You didn't know any spells.
Your spell library contained the following spells:

 Spells                   Type           Power        Failure   Level
 Animate Skeleton         Necr           #.....       99%         1
 Apportation              Tloc           #.....       99%         1
 Beastly Appendage        Tmut           #.....       99%         1
 Corona                   Hex            #......      99%         1
 Summon Small Mammal      Summ           #...         99%         1
 Wereblood                Tmut           #.......     100%        2
 Spider Form              Tmut/Pois      #.........   100%        3
 Ice Form                 Ice/Tmut       #.......     100%        4
 Blade Hands              Tmut           #.........   100%        5


Dungeon Overview and Level Annotations

Branches:
Dungeon (7/15)             Temple (1/1) D:4

Altars:
Ashenzari
Cheibriados
Dithmenos
Elyvilon
Fedhas
Gozag
Hepliaklqana
Kikubaaqudgha
Makhleb
Nemelex Xobeh
Okawaru
Qazlal
Ru
Sif Muna
Trog
Uskayaw
Vehumet
Wu Jian
Xom
Yredelemnul
Zin
The Shining One


Innate Abilities, Weirdness & Mutations

You cannot be hasted, slowed, berserked, paralysed or teleported.
You can dig through walls and to a lower floor.
Your four strong arms can wield two-handed weapons with a shield.
You have a pair of large antennae on your head. (SInv)


Message History

You extend your mandibles.
You dig through the rock wall.
You dig through the rock wall.
You dig through the rock wall.
You retract your mandibles.
You swing at nothing.
Your chain mail prevents you from hitting the orc warrior.
The orc warrior hits you with a +0 glaive!!
You sock the orc warrior!
The orc warrior is moderately wounded.
You sock the orc warrior!
The orc warrior is heavily wounded.
The orc warrior hits you with a +0 glaive!!
* * * LOW HITPOINT WARNING * * *
You barely miss the orc warrior.
The orc warrior is heavily wounded.
You hit the orc warrior.
The orc warrior is severely wounded.
The orc warrior hits you with a +0 glaive!
You die...

#........#.....
#........'.....
#........#.....
##.....###....#
#############[#
#..............
###..............
##o#{.............
#@#{{.............
####..............
#..............
##.o..###..##.#
#....o###..##.#
#...o..........
##.............
#..............
##....###..##.#


You could see an orc warrior.

Vanquished Creatures
  Edmund (D:5)
  A water moccasin (D:6)
  A phantom (D:5)
  2 sky beasts
  2 ogres
  A centaur (D:4)
  A scorpion (D:5)
  A hound (D:5)
  An orc priest (D:6)
  A bullfrog skeleton (D:6)
  2 iguanas (D:7)
  2 orc wizards
  2 worker ants
  A hound skeleton (D:5)
  5 adders
  8 gnolls
  2 white imps (D:5)
  3 ufetubi
  A worm (D:5)
  A dart slug (D:3)
  7 leopard geckos
  15 orcs
  3 ball pythons
  7 bats
  4 giant cockroaches
  5 goblins
  12 hobgoblins
  7 jackals
  4 quokkas
  7 frilled lizards
  6 kobolds
  A leopard gecko skeleton (D:5)
  6 rats
123 creatures vanquished.

Notes
Turn   | Place    | Note
-------+----------+-------------------------------------------
     0 | D:1      | HoaS the Formicid Fighter began the quest for the Orb.
     0 | D:1      | Reached XP level 1. HP: 18/18 MP: 1/1
   165 | D:1      | Reached XP level 2. HP: 24/24 MP: 2/2
   428 | D:1      | Reached skill level 3 in Staves
   428 | D:1      | Reached XP level 3. HP: 24/29 MP: 3/3
  1203 | D:2      | Reached XP level 4. HP: 30/35 MP: 4/4
  1259 | D:2      | Found a faded altar of an unknown god.
  1782 | D:3      | Reached skill level 4 in Staves
  1882 | D:3      | Reached XP level 5. HP: 41/41 MP: 5/5
  1893 | D:3      | Found an ornate altar of the Wu Jian Council.
  1893 | D:3      | Found a glowing silver altar of Zin.
  1895 | D:3      | Found a shimmering blue altar of Sif Muna.
  2192 | D:3      | Found a white marble altar of Elyvilon.
  2195 | D:3      | Found a radiant altar of Vehumet.
  2198 | D:3      | Found a bloodstained altar of Trog.
  2632 | D:4      | Noticed an ogre
  2638 | D:4      | Killed an ogre
  2638 | D:4      | Reached skill level 5 in Shields
  2638 | D:4      | Reached XP level 6. HP: 47/47 MP: 6/6
  2777 | D:4      | Reached skill level 5 in Staves
  2825 | D:4      | Found a staircase to the Ecumenical Temple.
  2830 | Temple   | Entered the Ecumenical Temple
  3425 | D:5      | Entered Level 5 of the Dungeon
  3462 | D:5      | Reached XP level 7. HP: 51/52 MP: 7/7
  3590 | D:5      | Found a burning altar of Makhleb.
  3604 | D:5      | Became a worshipper of Makhleb the Destroyer
  4083 | D:5      | Reached skill level 6 in Staves
  4490 | D:5      | Reached skill level 7 in Staves
  4490 | D:5      | Reached XP level 8. HP: 48/58 MP: 8/8
  4609 | D:5      | Noticed Edmund
  4630 | D:5      | Killed Edmund
  5146 | D:6      | Found an iron altar of Okawaru.
  5203 | D:6      | Found a bloodstained altar of Trog.
  5350 | D:6      | Reached skill level 8 in Staves
  6045 | D:7      | Got a translucent turquoise ring
  6384 | D:6      | Reached * piety under Makhleb
  6493 | D:7      | Slain by an orc warrior

Illustrated notes

Levels and vault maps discovered:
D:1:      dpeg_arrival_pits, layout_loops_corners, minmay_pentomino_r4
D:2:      layout_loops_ring, chequers_ecumenical_altar_simple_redux
D:3:      layout_basic, gammafunk_temple_overflow_claw,
          grunt_temple_overflow_diamond, eino_curves_04
D:4:      minmay_chambers_of_twos, layout_basic,
          minmay_temple_entry_statues_pillars
D:5:      layout_loops_cross, lemuel_round_altar, chequers_avenue,
          serial_park_tiny_1, minmay_misc_feat_pillars, minmay_crystal_water,
          uniq_edmund
D:6:      layout_gridville, okawaru_ov_weapons_minmay, grunt_decor_mini_mirrors,
          trog_book
D:7:      layout_gridville, uniq_duvessa, uniq_joseph
Temple:   jpeg_temple_clearing

Skill      XL: |  1  2  3  4  5  6  7  8 |
---------------+-------------------------+-----
Shields        | 4 5 6 7 |  7.8
Staves         | 3 4 5 7 8 |  8.5
Fighting       | |  3.2
Armour         | |  3.2

Action                   |  1- 3 |  4- 6 |  7- 9 || total
-------------------------+-------+-------+-------++-------
Melee: Quarterstaff      |    99 |   180 |   219 ||   498
 Abil: Dig               |       |     2 |     5 ||     7
  Use: Scroll            |     2 |    13 |     5 ||    20
Armor: Scale mail        |    36 |    45 |    15 ||    96
       Chain mail        |       |       |    35 ||    35
Dodge: Dodged            |    38 |    72 |    73 ||   183
Block: Kite shield       |    50 |    87 |   111 ||   248

Table legend: (Time is in decaauts)
 A = Elapsed time spent in this place.
 B = Non-inter-level travel time spent in this place.
 C = Inter-level travel time spent in this place.
 D = Time resting spent in this place.
 E = Time spent auto-exploring this place.
 F = Levels seen in this place.
 G = Mean time per level.
                   A        B        C        D        E       F      G
               +--------+--------+--------+--------+--------+-----+--------+
         Total |   6537 |   6314 |    223 |    351 |   4813 |   8 |  817.1 |
       Dungeon |   6442 |   6241 |    201 |    351 |   4742 |   7 |  920.3 |
        Temple |     94 |     72 |     22 |      0 |     71 |   1 |   94.0 |
               +--------+--------+--------+--------+--------+-----+--------+

Top non-repeatable levels by time:
     D:5: 1505 daAuts
     D:6: 1130 daAuts
     D:3: 992 daAuts
     D:1: 979 daAuts
     D:4: 763 daAuts
     D:2: 638 daAuts
     D:7: 432 daAuts
  Temple: 94 daAuts
